 Dungeon Crawl Stone Soup version 0.19.5 (webtiles) character file.

31198 Shoikan the Fighter (level 13, -5/187 HPs)
             Began as a Minotaur Berserker on Mar 15, 2017.
             Was an Elder of Trog.
             Slain by an elephant (6 damage)
             ... on level 6 of the Lair of Beasts.
             The game lasted 02:09:22 (22175 turns).

Shoikan the Fighter (Minotaur Berserker)           Turns: 22175, Time: 02:09:26

Health: -5/187     AC: 26    Str: 23    XL:     13   Next: 24%
Magic:  13/13      EV:  2    Int:  4    God:    Trog [****..]
Gold:   583        SH:  0    Dex: 14    Spells: 0 memorised, 12 levels left

rFire  . . .     SeeInvis .     R - +4 flail
rCold  . . .     Gourm    +     (armour currently unavailable)
rNeg   + + +     Faith    .     (no shield)
rPois  +         Spirit   .     (helmet currently unavailable)
rElec  .         Reflect  .     (cloak currently unavailable)
rCorr  .         Harm     .     (gloves currently unavailable)
MR     .....     NoTele   +     (boots currently unavailable)
Stlth  ++........               Z - amulet of the gourmand
                                (no ring)
                                (no ring)

@: tree-form
A: (retaliatory headbutt), (horns 0)
a: Berserk, Trog's Hand, Brothers in Arms, Burn Spellbooks, Renounce Religion


You were on level 6 of the Lair of Beasts.
You worshipped Trog.
Trog was greatly pleased with you.
You were completely stuffed.
You were a tree.
You visited 3 branches of the dungeon, and saw 17 of its levels.

You collected 981 gold pieces.
You spent 398 gold pieces at shops.

Inventory:

Hand Weapons
 I - a +2 dire flail of protection
 R - a +4 flail (weapon)
Armour
 a - a +3 scale mail of poison resistance (melded)
 b - a +0 plate armour
 m - a +2 pair of gloves (melded)
 p - a +2 cloak (melded)
 x - a +2 pair of boots of stealth (melded)
 y - a +3 chain mail of magic resistance
 S - a +1 chain mail of cold resistance
Jewellery
 Z - an amulet of the gourmand (around neck)
Wands
 f - a wand of random effects (21/48)
 l - a wand of lightning (8/15)
 E - a wand of hasting (1/9)
 F - a wand of confusion (19/48)
 G - a wand of polymorph (2/24)
 L - a wand of flame (13/48)
 M - a wand of flame (20/48)
 Q - a wand of acid (8/15)
 Y - a wand of polymorph (18/24)
Scrolls
 e - 4 scrolls of remove curse
 g - a scroll of blinking {unknown}
 o - a scroll of vulnerability {unknown}
 t - 4 scrolls of enchant weapon
 B - 2 scrolls of immolation
 D - a scroll of noise {unknown}
 H - 2 scrolls of fog
 O - 3 scrolls of fear
 P - 5 scrolls of magic mapping
 T - a scroll of silence {unknown}
 W - a scroll of acquirement {unknown}
Potions
 d - a potion of brilliance {unknown}
 h - 2 potions of curing
 k - a potion of beneficial mutation {unknown}
 q - 2 potions of resistance
 s - 2 potions of cure mutation
 w - 4 potions of flight
 z - a potion of berserk rage {unknown}
 A - a potion of might
 C - a potion of cancellation {unknown}
 K - a potion of mutation {unknown}
 U - 2 potions of heal wounds
 V - a potion of invisibility {unknown}
 X - a potion of ambrosia {unknown}
Comestibles
 c - 10 bread rations
 i - 11 chunks of flesh
 j - 3 royal jellies
 n - 6 meat rations
 r - 5 beef jerkies
 v - 13 fruits
 N - a slice of pizza


   Skills:
 * Level 14.9 Fighting
 - Level 14.0 Maces & Flails
 + Level 14.8 Armour
 + Level 8.3 Dodging
 - Level 1.0 Stealth
 + Level 1.3 Evocations


You had 12 spell levels left.
You didn't know any spells.

Dungeon Overview and Level Annotations

Branches:
Dungeon (10/15)            Temple (1/1) D:5            Lair (6/6) D:9
 Shoals (0/4) Lair:3       Spider (0/4) Lair:2        Slime (0/5) Lair:6
    Orc: D:9-12

Altars:
Ashenzari
Cheibriados
Dithmenos
Elyvilon
Fedhas
Gozag
Hepliaklqana
Kikubaaqudgha
Makhleb
Nemelex Xobeh
Okawaru
Qazlal
Ru
Sif Muna
Trog
Uskayaw
Vehumet
Xom
Yredelemnul
Zin
The Shining One

Shops:
D:9 [}:%   D:10 ?(:[

Portals:
Trove: D:10 (give 3 potions of cure mutation)

Annotations:
D:10 Sonja


Innate Abilities, Weirdness & Mutations

((You reflexively headbutt those who attack you in melee.))
((You have a pair of horns on your head.))


Message History

You stumble backwards!
The elephant tramples you but does no damage.
The elephant closely misses you.
The elephant tramples you but does no damage.
The elephant trunk-slaps you.
* * * LOW HITPOINT WARNING * * *
The elephant tramples you but does no damage.
The elephant trunk-slaps you but does no damage.
You sock the elephant! You headbutt the elephant.
The elephant is severely wounded.
The elephant tramples you!
* * * LOW HITPOINT WARNING * * *
You stumble backwards!
You turn into a tree.
Your +2 cloak melds into your body.
Your +2 pair of gloves melds into your body.
Your +2 pair of boots of stealth melds into your body.
Your +3 scale mail of poison resistance melds into your body.
You feel less stealthy.
Your roots penetrate the ground.
The elephant tramples you.
You die...

,,+,,,,Y##.........P####P.,,,,**,
,*****,*#...†.............,,,**,,
******###...†...(.....[.P.,,,,,,,
*,*.###.......Y.......$...,,,,,,,
,...........#††...#.......,,,,,,,
<,...........$............,,,,,,,
,.,.......................,,,,,,,
,,.........#...>YY.#.....,,,,,,,,
.##.,.#.........♣......P..,,,,,,,
..#.##.#..................,,,,,,,
.#...#.#....#.....#.......,,,,,,,
..........%....#..........,,,,,,,
.#......#P...........P....,,,,,,,
(.........P...........#...,,,,,,,
.####...P.#....#......#P..,,,,,<,
.,,*##..##.....##P...##*,,,,,,,,,
.####.PP†##.....##..#.*,,,,,,,,,,


You could see 3 elephants.

Vanquished Creatures
  7 hydras
  A catoblepas (Lair:3)
  Urug (Lair:5)
  11 elephants
  A black mamba (Lair:4)
  10 spiny frogs
  A gargoyle (D:10)
  A rime drake (Lair:3)
  2 komodo dragons (Lair:5)
  2 trolls
  5 dream sheep (Lair:5)
  2 hippogriffs
  3 blink frogs (Lair:6)
  A water elemental (Lair:3)
  3 wyverns
  A spriggan (D:9)
  A wraith (D:10)
  The ghost of Trixie the Stinger, an amateur SpVM of Vehumet (D:7)
  9 yaks
  2 basilisks
  A hungry ghost (D:10)
  Duvessa (D:5)
  8 porcupines
  11 water moccasins
  A hornet zombie (D:8)
  2 black bears
  3 ice beasts
  3 sky beasts
  2 ogres
  2 orc warriors
  8 wolves (Lair:4)
  3 centaurs
  12 crocodiles
  A big kobold (D:10)
  9 bullfrogs
  A wyvern zombie (D:6)
  Dowan (D:5)
  A wyvern skeleton (D:6)
  3 scorpions
  4 wights (D:9)
  6 howler monkeys
  4 killer bees (D:9)
  10 crimson imps
  A centaur zombie (D:6)
  A quasit (D:8)
  2 bullfrog zombies
  7 hounds
  5 jellies
  6 orc wizards
  An orc priest (D:5)
  2 bullfrog skeletons
  A centaur skeleton (D:8)
  5 iguanas
  7 worker ants
  3 hound zombies
  2 hound skeletons
  A worker ant zombie (D:7)
  8 gnolls (D:9)
  11 adders
  3 shadow imps
  A white imp (D:10)
  5 oozes
  An adder skeleton (D:8)
  5 worms
  2 dart slugs (D:1)
  3 leopard geckos
  63 orcs
  A ball python (D:5)
  4 giant cockroaches
  7 goblins
  5 hobgoblins
  12 jackals
  13 kobolds
  11 quokkas
  A ball python skeleton (D:4)
  3 bats
  6 frilled lizards
  A jackal skeleton (D:6)
  A quokka skeleton (D:6)
  A quokka zombie (D:5)
  6 rats
  2 fungi
  4 plants
386 creatures vanquished.

Vanquished Creatures (collateral kills)
  The ghost of MirrMurr the Brawler, a journeyman TrMo of Okawaru (Lair:4)
  A vault guard (D:10)
  2 hydras
  The ghost of tyranidshit the Fighter, a novice DsAK of Lugonu (D:10)
  A hill giant (D:9)
  A black mamba (Lair:6)
  3 elephants (Lair:6)
  2 spiny frogs
  A komodo dragon (D:9)
  A troll (D:9)
  A hippogriff (Lair:1)
  4 yaks (Lair:6)
  A basilisk (Lair:6)
  A porcupine (Lair:3)
  A jackal (D:9)
22 creatures vanquished.

Vanquished Creatures (others)
  8 fungi
  8 plants
16 creatures vanquished.

Grand Total: 424 creatures vanquished

Notes
Turn   | Place    | Note
-------+----------+-------------------------------------------
     0 | D:1      | Shoikan the Minotaur Berserker began the quest for the Orb.
     0 | D:1      | Reached XP level 1. HP: 19/19 MP: 0/0
   263 | D:1      | Reached XP level 2. HP: 22/27 MP: 1/1
  1107 | D:2      | Found an iron altar of Okawaru.
  1208 | D:2      | Reached XP level 3. HP: 21/34 MP: 2/2
  2191 | D:3      | Reached ** piety under Trog
  2263 | D:4      | Noticed a scorpion
  2611 | D:4      | Reached XP level 4. HP: 41/41 MP: 3/3
  3000 | D:4      | Reached skill level 5 in Fighting
  3000 | D:4      | Reached skill level 5 in Maces & Flails
  3000 | D:4      | Reached skill level 1 in Stealth
  3000 | D:4      | Reached XP level 5. HP: 25/48 MP: 4/4
  3070 | D:4      | Found a hazy altar of Hepliaklqana.
  3490 | D:3      | Found a faded altar of an unknown god.
  3490 | D:3      | Found a faded altar of an unknown god.
  3490 | D:3      | Found a faded altar of an unknown god.
  3490 | D:3      | Found a faded altar of an unknown god.
  3493 | D:3      | Found an ancient bone altar of Kikubaaqudgha.
  3702 | D:3      | Found a bloodstained altar of Trog.
  4017 | D:3      | Reached *** piety under Trog
  4186 | D:3      | Found a deep blue altar of Sif Muna.
  4277 | D:4      | Reached XP level 6. HP: 53/56 MP: 5/5
  5196 | D:5      | Entered Level 5 of the Dungeon
  5434 | D:5      | Noticed a sky beast
  5451 | D:5      | Killed a sky beast
  5451 | D:5      | Reached XP level 7. HP: 52/62 MP: 6/6
  5921 | D:5      | Found a staircase to the Ecumenical Temple.
  5935 | Temple   | Entered the Ecumenical Temple
  6299 | D:5      | Noticed Dowan
  6300 | D:5      | Noticed Duvessa
  6307 | D:5      | Killed Duvessa
  6307 | D:5      | Reached skill level 5 in Armour
  6312 | D:5      | Killed Dowan
  6763 | D:6      | Found Ymne's Jewellery Shoppe.
  6989 | D:6      | Reached **** piety under Trog
  7031 | D:6      | Reached XP level 8. HP: 60/70 MP: 7/7
  7091 | D:6      | Found a burning altar of Makhleb.
  7093 | D:6      | Found a stormy altar of Qazlal.
  7093 | D:6      | Found an iron altar of Okawaru.
  7094 | D:6      | Found a radiant altar of Vehumet.
  7463 | D:6      | Found a white marble altar of Elyvilon.
  7838 | D:7      | Noticed Trixie's ghost (amateur SpVM)
  7857 | D:7      | Killed Trixie's ghost
  8314 | D:7      | Reached XP level 9. HP: 79/79 MP: 8/8
  9076 | D:8      | Reached skill level 10 in Maces & Flails
  9568 | D:8      | Reached ***** piety under Trog
 10166 | D:9      | Found a snail-covered altar of Cheibriados.
 10170 | D:9      | Found Goaxu's Antique Armour Shop.
 10172 | D:9      | Noticed a troll
 10180 | D:9      | Killed a troll
 10180 | D:9      | Reached skill level 5 in Dodging
 10188 | D:9      | Bought a runed chain mail for 262 gold pieces
 10249 | D:9      | Noticed a dagger
 10250 | D:9      | Noticed a dagger
 10250 | D:9      | Found a hide-covered altar of Uskayaw.
 10436 | D:9      | Found Iboluc's Gadget Shoppe.
 10509 | D:9      | Found Uwnigr Ivyr's Book Shoppe.
 10797 | D:9      | Noticed a hill giant
 10814 | D:9      | Found Solaiwna's Food Shop.
 11346 | D:9      | Found a staircase to the Lair.
 11391 | D:9      | Noticed a komodo dragon
 11392 | D:9      | Noticed a troll
 11404 | D:9      | Killed a komodo dragon
 11404 | D:9      | Reached XP level 10. HP: 31/90 MP: 9/9
 11408 | D:9      | Killed a hill giant
 11408 | D:9      | Reached skill level 1 in Evocations
 11959 | D:10     | Entered Level 10 of the Dungeon
 11959 | D:10     | Found Tyastrut's Antique Weapon Emporium.
 11975 | D:10     | Noticed tyranidshit's ghost (novice DsAK)
 12076 | D:10     | Killed tyranidshit's ghost
 12106 | D:10     | Noticed a vault guard
 12110 | D:10     | Killed a vault guard
 12123 | D:10     | Found a portal to a secret trove of treasure.
 12146 | D:10     | Found Otuf's Magic Scroll Shoppe.
 12151 | D:10     | Bought 3 scrolls of identify for 102 gold pieces
 12151 | D:10     | Bought a scroll of identify for 34 gold pieces
 12256 | D:10     | Found Emoikkoz's Book Boutique.
 12271 | D:10     | Reached skill level 10 in Armour
 12365 | D:10     | Noticed Sonja
 12606 | D:10     | Received a gift from Trog
 12897 | D:10     | Found Nooloyzu's Armour Emporium.
 13126 | D:10     | Noticed a gargoyle
 13138 | D:10     | Killed a gargoyle
 13235 | Lair:1   | Entered Level 1 of the Lair of Beasts
 13406 | Lair:1   | Reached XP level 11. HP: 38/99 MP: 10/10
 13751 | Lair:1   | Noticed a six-headed hydra
 13990 | Lair:1   | Killed a six-headed hydra
 14897 | Lair:2   | Reached skill level 10 in Fighting
 15069 | Lair:2   | Found a hole to the Spider Nest.
 15453 | Lair:2   | Noticed an eight-headed hydra
 15461 | Lair:2   | Killed an eight-headed hydra
 16177 | Lair:3   | Noticed a six-headed hydra
 16184 | Lair:3   | Killed a six-headed hydra
 16293 | Lair:3   | Noticed a catoblepas
 16315 | Lair:3   | Killed a catoblepas
 16900 | Lair:3   | Found a staircase to the Shoals.
 17037 | Lair:3   | Noticed a four-headed hydra
 17048 | Lair:3   | Killed a four-headed hydra
 17814 | Lair:3   | Reached XP level 12. HP: 111/111 MP: 12/12
 18426 | Lair:4   | Noticed MirrMurr's ghost (journeyman TrMo)
 18433 | Lair:4   | Killed MirrMurr's ghost
 18969 | Lair:4   | Noticed an eight-headed hydra
 18987 | Lair:4   | Killed an eight-headed hydra
 19785 | Lair:4   | Noticed a seven-headed hydra
 19795 | Lair:4   | Killed a seven-headed hydra
 20018 | Lair:4   | Noticed an eight-headed hydra
 20028 | Lair:4   | Killed an eight-headed hydra
 20597 | Lair:5   | Noticed a six-headed hydra
 20608 | Lair:5   | Killed a six-headed hydra
 20916 | Lair:5   | Noticed Urug
 20955 | Lair:5   | Killed Urug
 21546 | Lair:5   | Reached XP level 13. HP: 92/124 MP: 13/13
 21947 | Lair:6   | Entered Level 6 of the Lair of Beasts
 22081 | Lair:6   | Found a staircase to the Slime Pits.
 22174 | Lair:6   | HP: 1/125 [elephant (13)]
 22175 | Lair:6   | Slain by an elephant

Skill      XL: |  1  2  3  4  5  6  7  8  9 10 11 12 13 |
---------------+----------------------------------------+-----
Fighting       | 4 5 6 7 8 9 11 14 | 14.9
Maces & Flails | 4 5 6 7 9 11 13 14 | 14.0
Armour         | 3 4 5 7 8 10 12 14 | 14.8
Stealth        | 1 |  1.0
Dodging        | 3 4 5 7 8 |  8.3
Evocations     | 1 |  1.3

Action                   |  1- 3 |  4- 6 |  7- 9 | 10-12 | 13-15 || total
-------------------------+-------+-------+-------+-------+-------++-------
Melee: Mace              |    74 |   184 |   372 |    24 |       ||   654
       Headbutt          |    10 |    26 |    91 |   187 |    31 ||   345
       Flail             |       |       |       |   497 |    92 ||   589
       Dire flail        |       |       |       |   147 |       ||   147
Invok: Berserk           |       |       |     1 |     4 |       ||     5
       Brothers in Arms  |       |       |     1 |     8 |     1 ||    10
       Burn Spellbooks   |       |       |       |     1 |       ||     1
Evoke: Wand              |     1 |     2 |     5 |     1 |       ||     9
  Use: Scroll            |     3 |     3 |     6 |    14 |     2 ||    28
       Potion            |     1 |       |       |     5 |     1 ||     7
 Stab: Distracted        |       |       |       |     1 |       ||     1
  Eat: Chunk             |     5 |     7 |    13 |    30 |     2 ||    57
       Bread ration      |       |     1 |     1 |     5 |       ||     7
       Fruit             |       |       |       |     1 |       ||     1
Armor: Animal skin       |     5 |       |       |       |       ||     5
       Ring mail         |     8 |     4 |       |       |       ||    12
       Scale mail        |       |    61 |    86 |    54 |    52 ||   253
       Chain mail        |       |       |   101 |   467 |       ||   568
       Skin              |       |       |       |    22 |       ||    22
Dodge: Dodged            |    49 |   104 |   199 |   470 |    60 ||   882
